 Dungeon Crawl Stone Soup version 0.29-a0-617-g7a6b98fccd (webtiles) character file.

Game seed: 4444770050559862095

819 shoop the Martial Artist (level 8, -3/61 HPs)
             Began as a Meteoran Transmuter on June 17, 2022.
             Was a Believer of Uskayaw.
             Slain by Joseph
             ... wielding a +2 antimagic quarterstaff
              (17 damage)
             ... on level 8 of the Dungeon on June 18, 2022.
             The game lasted 00:14:00 (1540 turns).

shoop the Martial Artist (Meteoran Transmuter)      Turns: 1540, Time: 00:14:01

Health: -3/61      AC:  2    Str: 12    XL:     8   Next: 39%
Magic:  0/15       EV: 20    Int: 17    God:    Uskayaw [**....]
Gold:   69         SH:  0    Dex: 19    Spells: 11/15 levels left

rFire   . . .      SeeInvis .     - Unarmed
rCold   . . .      Faith    .   (shield currently unavailable)
rNeg    . . .      Spirit   .   (body armour currently unavailable)
rPois   x          Reflect  .   (helmet currently unavailable)
rElec   .          Harm     .   (cloak currently unavailable)
rCorr   .          Rampage  .   (gloves currently unavailable)
Will    ++...                   (boots currently unavailable)
Stlth   +.........              (no amulet)
HPRegen 0.20/turn               m - ring of willpower
MPRegen 0.14/turn               (no ring)

@: spider-form, glowing
A: venomous fangs, tiny, sense surroundings 1, otherworldly, glowing, explore
regen
a: End Transformation, Renounce Religion, Stomp, Line Pass


You were on level 8 of the Dungeon.
You worshipped Uskayaw.
Uskayaw was noncommittal.
You were a venomous arachnid creature.
You visited 2 branches of the dungeon, and saw 9 of its levels.
You also visited: Ossuary.

You collected 69 gold pieces.

Inventory:

Hand Weapons
 j - a +0 hunting sling (melded)
Armour
 a - a +0 robe (melded)
 i - a +0 cloak (melded)
 p - an orb of mayhem
Jewellery
 m - a ring of willpower (left front leg)
Scrolls
 c - 2 scrolls of noise {unknown}
 f - 2 scrolls of amnesia {unknown}
 h - 2 scrolls of teleportation {unknown}
 k - a scroll of immolation {unknown}
 q - a scroll of magic mapping
 r - a scroll of blinking
Potions
 b - a potion of lignification
 d - a potion of mutation
 e - 4 potions of curing
 g - 2 potions of magic {unknown}
 l - 2 potions of heal wounds {unknown}
 n - 3 potions of degeneration {unknown}
 o - 2 potions of ambrosia {unknown}
 s - 2 potions of flight {unknown}
 u - a potion of brilliance {unknown}
 v - a potion of haste


   Skills:
 - Level 2.0 Fighting
 - Level 3.0 Dodging
 - Level 8.0 Unarmed Combat
 - Level 4.0 Spellcasting
 * Level 5.8 Transmutations
 - Level 2.0 Poison Magic
 + Level 2.3 Invocations


You had 11 spell levels left.
You knew the following spells:

 Your Spells              Type           Power      Damage    Failure   Level
a - Beastly Appendage     Tmut           46%        N/A       6%          1
c - Spider Form           Tmut/Pois      16%        N/A       24%         3

Your spell library contained the following spells:

 Spells                   Type           Power      Damage    Failure   Level
 Wereblood                Tmut           23%        N/A       9%          2
 Blade Hands              Tmut           11%        N/A       58%         5
 Ice Form                 Ice/Tmut       13%        N/A       65%         4
 Irradiate                Conj/Tmut      6%         3d15      91%         5
 Dragon Form              Tmut           11%        N/A       100%        7


Dungeon Overview and Level Annotations

Branches:
Dungeon (8/15) Zot: 3695   Temple (1/1) D:5 Zot: 524 Ossuary (visited)
   Lair: D:8-11

Altars:
Ashenzari
Elyvilon
Kikubaaqudgha
Qazlal
Trog
Uskayaw
Vehumet

Annotations:
D:8 Joseph


Innate Abilities, Weirdness & Mutations

You are a venomous arachnid creature.
You have poisonous fangs.
You are tiny and dextrous.
Your spellcasting is less reliable in this form.
Your armour is entirely melded.
You are incapable of wielding weapons or throwing items.
You passively map a small area around you.
You are easily found by Zot.
You glow in the dark.
You regain HP and MP as you explore.


Message History

You bite Joseph!
Joseph is lightly wounded.
Joseph unwields a +0 hunting sling.
Joseph wields a +2 antimagic quarterstaff.
Joseph hits you with a +2 antimagic quarterstaff!
You feel your power leaking away.
You barely miss Joseph.
Joseph is lightly wounded.
Joseph barely misses you.
You bite Joseph!
Joseph is moderately wounded.
You hit Joseph.
Joseph is moderately wounded.
Joseph completely misses you.
You hit Joseph.
Joseph is poisoned.
Joseph is moderately wounded.
Joseph misses you.
You can now pass through a line of other dancers.
You hit Joseph but do no damage.
Joseph looks as sick as possible!
Joseph is moderately wounded.
Joseph closely misses you.
You hit Joseph.
Joseph looks as sick as possible!
Joseph is moderately wounded.
Joseph hits you with a +2 antimagic quarterstaff!!
You feel your power leaking away.
You hit Joseph but do no damage.
Joseph looks as sick as possible!
Joseph is moderately wounded.
Joseph hits you with a +2 antimagic quarterstaff!
* * * LOW HITPOINT WARNING * * *
You feel your power leaking away.
You hit Joseph but do no damage.
Joseph looks as sick as possible!
Joseph is moderately wounded.
You hit Joseph but do no damage.
Joseph looks as sick as possible!
Joseph is heavily wounded.
Joseph hits you with a +2 antimagic quarterstaff!
* * * LOW HITPOINT WARNING * * *
Unknown command.
It was a potion of curing.
You feel better.
Joseph hits you with a +2 antimagic quarterstaff!
You die...

.....# # #,* ..., # ,
#...###. .###. .###.,,
.###.#. , .#.###.#. ,
..#...# #...#...#, ,
..#...#####...#...#* *
..#...#...#...#.@.# ,
.###.#.....#.###.# ,
#...###...###..@##* **
.....#.###.#....s#
#...#...#...#...#...#
,
#####...#...#####...#,
, * , #...#...# ...#,,
, , .#.###.#. , #.## ,
*, .###. .###. **#.,,
,* # ... # *,.. ,*...
, , .. , * *###* *


You could see Joseph (extremely poisoned).

Vanquished Creatures
  Sigmund (D:3)
  A wraith (Ossuary)
  Blork the orc (D:4)
  A bullfrog (D:8)
  A necrophage (D:2)
  A human zombie (Ossuary)
  A hound (D:5)
  An orc priest (D:4)
  A jelly (D:8)
  An iguana (D:7)
  2 orc wizards (D:5)
  3 mummies (Ossuary)
  3 gnolls (D:3)
  2 adders (D:2)
  An ufetubus (D:5)
  A worm (D:5)
  A dart slug (D:3)
  4 orcs
  2 endoplasms
  A goblin (D:1)
  4 goblin zombies (Ossuary)
  4 hobgoblin zombies (Ossuary)
  4 kobold zombies (Ossuary)
  3 rats (D:1)
45 creatures vanquished.

Notes
Turn   | Place    | Note
-------+----------+-------------------------------------------
     0 | D:1      | shoop the Meteoran Transmuter began the quest for the Orb.
     0 | D:1      | Reached XP level 1. HP: 16/16 MP: 5/5
   172 | D:1      | Reached skill level 1 in Poison Magic
   172 | D:1      | Reached XP level 2. HP: 23/23 MP: 4/6
   232 | D:2      | Reached skill level 4 in Unarmed Combat
   255 | D:2      | Reached XP level 3. HP: 20/28 MP: 6/8
   266 | D:2      | Learned a level 3 spell: Spider Form
   375 | D:3      | Reached XP level 4. HP: 16/35 MP: 5/9
   379 | D:3      | Reached skill level 5 in Unarmed Combat
   418 | D:3      | Noticed a necrophage
   421 | D:3      | Noticed Sigmund
   435 | D:2      | Killed a necrophage
   436 | D:2      | Reached XP level 5. HP: 24/41 MP: 8/10
   491 | D:3      | Killed Sigmund
   492 | D:3      | Reached skill level 6 in Unarmed Combat
   492 | D:3      | Reached XP level 6. HP: 37/48 MP: 9/11
   552 | D:4      | Reached XP level 7. HP: 55/55 MP: 9/12
   643 | D:4      | Noticed Blork the orc
   658 | D:4      | Killed Blork the orc
   659 | D:4      | Reached skill level 7 in Unarmed Combat
   683 | D:5      | Entered Level 5 of the Dungeon
   702 | D:5      | Found Wengin's Weapon Emporium.
   793 | D:5      | Found a staircase to the Ecumenical Temple.
   805 | Temple   | Entered the Ecumenical Temple
   867 | Temple   | Became a worshipper of Uskayaw the Reveller
  1053 | D:5      | Reached * piety under Uskayaw
  1063 | D:5      | Found a sand-covered staircase.
  1069 | Ossuary  | Entered an ossuary
  1069 | Ossuary  | Noticed a wraith
  1069 | Ossuary  | Noticed a wraith
  1069 | Ossuary  | Noticed a wraith
  1136 | Ossuary  | Reached ** piety under Uskayaw
  1228 | Ossuary  | Noticed a wraith
  1241 | Ossuary  | Reached *** piety under Uskayaw
  1243 | Ossuary  | Killed a wraith
  1244 | Ossuary  | Reached skill level 5 in Transmutations
  1244 | Ossuary  | Reached skill level 1 in Invocations
  1244 | Ossuary  | Reached XP level 8. HP: 51/61 MP: 12/14
  1518 | D:8      | Reached skill level 8 in Unarmed Combat
  1526 | D:8      | Noticed Joseph
  1540 | D:8      | Slain by Joseph

Illustrated notes

Levels and vault maps discovered:
D:1:      wander_arrival_desolate, layout_loops_corners
D:2:      layout_rooms, minmay_fractal_squares_gapless_5
D:3:      layout_loops_ring, uniq_sigmund
D:4:      layout_basic, dreamdust_gnoll_farm, uniq_ijyb, uniq_blork_the_orc
D:5:      layout_loops_corners, minmay_temple_entry_antechambers, serial_shops,
          nicolae_stop_n_shop_2, enter_ossuary_5, minmay_misc_feat_pillars,
          kennysheep_cross_bottleneck, hangedman_decor_opposing
D:6:      layout_basic
D:7:      layout_basic, serial_shops, shop, grunt_decor_one_mirror,
          grunt_decor_junction, uniq_crazy_yiuf_cottage
D:8:      nicolae_cairo_tiling, layout_loops_corners, erik_lair_orcish_takeover,
          uniq_maggie, uniq_joseph
Temple:   mainiacjoe_temple_trianglar_array

Skill      XL: |  1  2  3  4  5  6  7  8 |
---------------+-------------------------+-----
Poison Magic   | 1 2 |  2.0
Unarmed Combat | 4 5 6 7 8 |  8.0
Spellcasting   | 3 4 |  4.0
Transmutations | 3 4 5 |  5.8
Fighting       | 2 |  2.0
Dodging        | 3 |  3.0
Invocations    | 1 2 |  2.3

Action                   |  1- 3 |  4- 6 |  7- 9 || total
-------------------------+-------+-------+-------++-------
Melee: Unarmed           |    32 |    24 |   119 ||   175
       Kick              |     4 |       |       ||     4
       Headbutt          |     1 |       |       ||     1
 Fire: Hunting sling     |       |     4 |     4 ||     8
 Cast: Beastly Appendage |     3 |       |       ||     3
       Spider Form       |     1 |     3 |    20 ||    24
 Abil: End Transformatio |       |       |     1 ||     1
  Use: Scroll            |       |       |     4 ||     4
       Potion            |       |       |     1 ||     1
 Stab: Paralysed         |       |       |     1 ||     1
Armor: Robe              |     5 |       |     1 ||     6
       Skin              |       |       |     3 ||     3
Dodge: Dodged            |    11 |    16 |    72 ||    99

Table legend: (Time is in decaauts)
 A = Elapsed time spent in this place.
 B = Non-inter-level travel time spent in this place.
 C = Inter-level travel time spent in this place.
 D = Time resting spent in this place.
 E = Time spent auto-exploring this place.
 F = Levels seen in this place.
 G = Mean time per level.
                   A        B        C        D        E       F      G
               +--------+--------+--------+--------+--------+-----+--------+
         Total |   1523 |   1523 |      0 |      0 |      0 |  10 |  152.3 |
       Dungeon |   1103 |   1103 |      0 |      0 |      0 |   8 |  137.9 |
        Temple |     75 |     75 |      0 |      0 |      0 |   1 |   75.0 |
       Ossuary |    344 |    344 |      0 |      0 |      0 |   1 |  344.0 |
               +--------+--------+--------+--------+--------+-----+--------+

Top non-repeatable levels by time:
 Ossuary: 344 daAuts
     D:5: 319 daAuts
     D:1: 199 daAuts
     D:3: 185 daAuts
     D:4: 156 daAuts
     D:2: 140 daAuts
  Temple: 75 daAuts
     D:8: 52 daAuts
     D:7: 25 daAuts
     D:6: 24 daAuts
